Map: Cactus Valley LE (Void)

Players

Railgan - Winner!

  • Race: Zerg Zerg
  • League: Grandmaster
  • Spawn Location: 7:00

KingMcGregor

  • Race: Terran Terran
  • League: Grandmaster
  • Spawn Location: 1:00

VOD

Have the link to the VOD?

Description

Time

  • Played on: March 19, 2017, 6:20 p.m.
  • Length: 11:11
Show
View Real Time Build Order
Export as new Build Order

Railgan Zerg - Winner!

Build Orders: Pool First, Lurkers 

Get SALT Encoding   

  12  0:01  Drone  
  13  0:14  Overlord  
  13  0:17  Drone  
  14  0:32  Drone  
  14  0:33  Drone  
  16  0:36  Drone  
  17  0:46  Spawning Pool  
  17  0:48  Drone  
  17  0:57  Drone  
  18  1:11  Hatchery  
  18  1:13  Extractor  
  18  1:16  Drone  
  17  1:19  Drone  
  18  1:33  Zergling x2, Queen  
  21  1:40  Drone  
  22  1:51  Overlord  
  22  2:09  Drone, Queen  
  22  2:13  Drone  
  26  2:24  Queen  
  26  2:25  Drone x2  
  26  2:26  Metabolic Boost  
  30  2:38  Overlord  
  30  2:40  Drone  
  30  2:43  Drone  
  32  2:46  Drone x3  
  32  2:49  Drone  
  36  2:56  Drone  
  37  3:01  Lair  
  37  3:03  Drone  
  37  3:08  Drone  
  37  3:10  Drone  
  39  3:15  Evolution Chamber  
  39  3:17  Evolution Chamber  
  37  3:20  Zergling x2  
  37  3:21  Drone  
  37  3:22  Drone x2  
  37  3:23  Overlord  
  41  3:29  Overlord  
  41  3:36  Drone x2  
  43  3:46  Drone x4  
  47  3:53  Extractor  
  47  3:54  Extractor  
  47  3:55  Drone x3  
  48  3:58  Overlord  
  48  4:03  Extractor, Drone  
  48  4:08  Zergling x2  
  48  4:09  Queen x2  
  51  4:15  Spire  
  52  4:26  Drone  
  52  4:27  Drone x4  
  52  4:28  Drone x3  
  52  4:30  Drone  
  61  4:35  Zergling x2  
  62  4:38  Overlord  
  61  4:46  Zergling x2  
  61  4:50  Zergling x2  
  62  4:57  Overlord x2  
  62  5:00  Zergling x10  
  62  5:06  Overseer  
  67  5:08  Hatchery  
  67  5:13  Zergling x2  
  67  5:14  Zergling x2  
  68  5:15  Overlord  
  62  5:30  Mutalisk  
  62  5:31  Mutalisk x5  
  69  5:39  Mutalisk  
  69  5:42  Drone x2  
  70  5:51  Drone  
  70  5:52  Drone  
  72  5:58  Drone  
  72  5:59  Drone x3  
  76  6:04  Overlord  
  76  6:08  Zerg Missile Weapons Level 1  
  76  6:09  Hydralisk Den  
  75  6:13  Zerg Ground Armor Level 1  
  75  6:15  Drone x3  
  75  6:16  Overlord  
  75  6:18  Drone  
  79  6:34  Drone x5  
  84  6:43  Drone x5  
  84  6:46  Drone x3  
  92  6:53  Muscular Augments  
  92  7:00  Extractor, Drone  
  92  7:01  Drone, Overlord  
  94  7:03  Extractor, Overlord  
  92  7:10  Drone  
  92  7:11  Drone  
  92  7:13  Drone  
  93  7:23  Drone x7  
  93  7:29  Overlord  
  100  7:34  Hydralisk x2  
  100  7:36  Overlord  
  104  7:40  Hydralisk  
  104  7:41  Hydralisk x3  
  104  7:42  Pneumatized Carapace  
  112  7:44  Drone x2  
  112  7:45  Hydralisk x4  
  112  7:46  Hatchery  
  121  7:51  Hydralisk  
  121  7:53  Overlord  
  121  7:56  Hydralisk  
  125  8:00  Hydralisk  
  125  8:02  Spine Crawler  
  126  8:06  Hydralisk x4  
  126  8:08  Spine Crawler  
  126  8:12  Hydralisk x2  
  121  8:27  Hydralisk x7  
  121  8:28  Hydralisk  
  135  8:37  Hydralisk  
  135  8:38  Hydralisk x3  
  135  8:40  Hydralisk  
  145  8:43  Lurker Den  
  145  8:49  Infestation Pit, Zergling x2  
  145  8:58  Overlord  
  141  9:04  Zergling x2  
  141  9:05  Zergling x14  
  145  9:14  Overseer  
  145  9:15  Drone  
  145  9:16  Overlord  
  145  9:17  Overlord  
  144  9:23  Extractor  
  143  9:24  Extractor  
  143  9:27  Drone  
  143  9:28  Drone x2  
  145  9:31  Drone  
  145  9:32  Hatchery  
  145  9:33  Zergling x8  
  145  9:34  Zergling x4  
  136  9:54  Hydralisk x5  
  136  9:59  Hydralisk  
  137  10:00  Hydralisk  
  137  10:02  Hydralisk  
  137  10:03  Hydralisk x3  
  137  10:04  Hydralisk x4  
  145  10:09  Hydralisk  
  145  10:10  Hydralisk  
  143  10:16  Hydralisk x2  
  143  10:19  Overlord  
  147  10:25  Zergling x6  
  142  10:33  Lurker x2  
  142  10:34  Lurker x3, Zergling x2  
  142  10:35  Zergling x6  
  151  10:44  Drone  
  151  10:46  Hydralisk  
  151  10:48  Zergling x6  
  151  10:49  Drone  
Show
View Real Time Build Order
Export as new Build Order

KingMcGregor Terran 

Build Orders: Reaper Expand, Hellion Banshee, MMM Bio 

Get SALT Encoding   

  12  0:00  SCV  
  13  0:14  SCV  
  14  0:17  Supply Depot  
  14  0:26  SCV  
  15  0:28  Refinery  
  15  0:39  SCV  
  16  0:47  Barracks  
  16  0:51  SCV  
  17  1:03  SCV  
  18  1:15  SCV  
  19  1:33  Orbital Command  
  19  1:34  Reaper  
  20  1:45  Command Center  
  20  1:54  Factory  
  20  1:59  SCV  
  21  2:08  Barracks Reactor  
  21  2:11  SCV  
  22  2:16  Supply Depot  
  22  2:17  Refinery  
  22  2:23  SCV  
  23  2:38  SCV  
  24  2:44  Starport  
  24  2:50  SCV  
  24  2:52  Hellion  
  24  2:53  Hellion  
  24  2:58  Barracks Tech Lab  
  27  3:02  SCV  
  28  3:14  SCV  
  28  3:17  Hellion  
  33  3:20  Hellion, Orbital Command  
  33  3:26  SCV  
  37  3:38  SCV  
  37  3:40  Cloaking Field  
  37  3:44  Viking  
  37  3:46  SCV  
  37  3:50  SCV  
  37  3:52  Supply Depot  
  37  3:54  Hellion  
  40  3:58  Hellion, SCV  
  40  4:00  Barracks Tech Lab  
  44  4:02  SCV  
  44  4:10  SCV  
  44  4:14  SCV  
  46  4:21  Banshee  
  46  4:22  SCV  
  48  4:26  Stimpack  
  48  4:27  SCV  
  49  4:34  Marine, SCV  
  51  4:39  SCV  
  51  4:42  Command Center  
  52  4:47  SCV  
  52  4:51  SCV  
  54  4:56  Factory Reactor  
  54  5:02  Barracks  
  54  5:03  Supply Depot  
  54  5:04  Barracks  
  54  5:25  Marine, Banshee, SCV  
  54  5:28  SCV  
  56  5:37  SCV  
  56  5:40  SCV  
  52  5:42  Marine  
  52  5:46  Factory Reactor  
  52  5:49  SCV  
  54  5:50  Supply Depot  
  54  5:52  Engineering Bay, SCV  
  54  5:53  Supply Depot  
  54  5:54  Engineering Bay, Marine x2  
  57  6:00  Marine  
  57  6:01  Marine x2, SCV  
  61  6:04  SCV, Orbital Command  
  62  6:12  Marine  
  62  6:13  SCV  
  62  6:16  SCV  
  62  6:18  Marine  
  65  6:19  Refinery x2  
  65  6:20  Terran Infantry Armor Level 1, Terran Infantry Weapons Level 1  
  65  6:24  Missile Turret  
  63  6:25  SCV  
  63  6:27  Marine  
  63  6:28  Marine x2  
  60  6:33  Missile Turret  
  60  6:36  Marine x2  
  59  6:42  SCV  
  59  6:45  Marine x2  
  59  6:49  SCV  
  59  6:50  SCV  
  61  6:54  Marine x2, Combat Shields  
  61  6:56  Factory Reactor  
  63  7:01  Marine  
  63  7:02  Medivac  
  63  7:03  Medivac, Marine  
  70  7:08  SCV x2  
  71  7:16  Marine  
  71  7:17  Marine x2  
  71  7:19  Orbital Command  
  71  7:22  Marine x2  
  73  7:27  Barracks  
  73  7:28  Barracks  
  70  7:34  Marine, SCV  
  70  7:36  Marine  
  70  7:37  Marine, Widow Mine x2  
  73  7:38  Medivac  
  73  7:39  Marine  
  81  7:45  Missile Turret, Marine  
  81  7:47  SCV  
  81  7:48  SCV  
  84  7:51  Supply Depot  
  84  7:52  Supply Depot  
  84  7:55  Marine  
  84  7:56  Marine x2  
  84  7:57  Marine, SCV  
  89  8:07  SCV x2  
  89  8:09  SCV  
  89  8:12  Medivac x2, Supply Depot  
  93  8:21  Marine x4  
  86  8:27  Marine  
  86  8:29  Barracks Reactor x2  
  86  8:30  SCV x3  
  83  8:36  Supply Depot  
  83  8:39  Marine  
  84  8:42  Siege Tank, SCV x3  
  84  8:45  Marine x4  
  93  8:54  SCV x3  
  96  8:57  Marine  
  96  9:02  Marine  
  91  9:03  Marine x3  
  91  9:06  SCV  
  92  9:11  Marine x4  
  92  9:15  Marine  
  95  9:18  Barracks, Siege Tank  
  95  9:19  Medivac  
  95  9:20  Marine x3  
  95  9:21  Marine, Barracks x2  
  95  9:22  Supply Depot  
  104  9:28  Marine  
  104  9:29  Marine x3  
  104  9:31  Armory  
  108  9:33  Marine  
  108  9:38  Marine x2  
  107  9:44  Marine x2  
  101  9:46  Marine x2  
  101  9:47  Marine x2  
  101  9:50  Marine  
  84  9:56  Marine x2  
  85  10:02  Marine x2  
  85  10:04  Marine  
  71  10:08  Marine x5  
  74  10:15  Marine  
  74  10:21  Marine x6  
  72  10:26  Marine  
  72  10:27  Marine x5  
  80  10:30  Orbital Command  
  80  10:32  SCV  
  80  10:33  Marine, SCV  
  83  10:39  Marine x3  
  86  10:43  Marine  
  86  10:44  Marine x3  
  86  10:48  Marine x2  
Tags
 
Add a new tag
Caveats
  • Supply blocks, unpowered buildings, or Contaminate may cause inaccurate times.
  • Supply counts are checked every 10 seconds.